 Dungeon Crawl Stone Soup version 0.30.0-29-ga12c61a403 (webtiles) character file.

Game seed: 1699144542300942834

223127 qw the Warrior (level 19, -24/130 HPs)
             Began as a Gargoyle Fighter on June 4, 2023.
             Was an Elder of Okawaru.
             Annihilated by an ironbound frostheart (31 damage)
             ... on level 1 of the Vaults.
             The game lasted 00:21:45 (31439 turns).

qw the Warrior (Gargoyle Fighter)                  Turns: 31439, Time: 00:21:45

Health: -24/130    AC: 44    Str: 26    XL:     19   Next: 25%
Magic:  26/26      EV: 16    Int: 11    God:    Okawaru [****..]
Gold:   3472       SH: 20    Dex:  9    Spells: 18/18 levels left

rFire   + . .        h - +7 war axe (vamp)
rCold   . . .        E - +0 kite shield
rNeg    + . .        A - +5 plate armour
rPois   inf          k - +2 hat
rElec   +            v - +2 cloak
rCorr   .            c - +2 pair of gloves
SInv    +            a - +1 pair of boots of the Eleven Tales {rF+}
Will    +....        g - amulet of reflection Stlth
                     n - +5 ring of evasion
HPRegen 0.41/turn    p - ring of see invisible
MPRegen 0.20/turn

%: reflection
@: about to teleport, heroic, corroded, flying
A: sickness immunity, AC +14, big wings, negative energy resistance 1,
electricity resistance, torment resistance 1, petrification resistance
}: 1/15 runes: barnacled
a: Renounce Religion, Heroism, Finesse


You were on level 1 of the Vaults.
You worshipped Okawaru.
Okawaru was greatly pleased with you.
You visited 6 branches of the dungeon, and saw 30 of its levels.
You visited the Abyss 1 time.
You also visited: Sewer and Ossuary.

You collected 4577 gold pieces.
You spent 1105 gold pieces at shops.


Innate Abilities, Weirdness & Mutations

You are immune to sickness and miasma.
Your stone body is resilient. (AC +14)
You are immune to poison.
Your large and strong wings let you fly.
You resist negative energy. (rN+)
You are resistant to electric shocks. (rElec)
You are resistant to unholy torment.
You are immune to petrification.


   Skills:
 - Level 18.0(23.0) Fighting
 - Level 16.0(21.0) Axes
 - Level 9.0(14.0) Throwing
 + Level 17.0(22.0) Armour
 - Level 5.0(10.0) Dodging
 - Level 16.3(21.3) Shields
 - Level 10.0 Invocations


You had 18 spell levels left.
You didn't know any spells.
Your spell library was empty.

Inventory:

Hand Weapons
 h - a +7 vampiric war axe (weapon)
 I - a +0 broad axe
Missiles
 q - 2 javelins (quivered)
 D - 25 boomerangs
Armour
 a - the +1 pair of boots of the Eleven Tales (worn) {rF+}
   (You acquired it on level 1 of the Dungeon)

   rF:        It protects you from fire.
 c - a +2 pair of gloves (worn)
 k - a +2 hat (worn)
 v - a +2 cloak (worn)
 w - the +4 ring mail of the King of the Hill {rElec rN+ Will- rCorr}
   (You found it on level 7 of the Dungeon)

   rElec:     It insulates you from electricity.
   rN:        It protects you from negative energy.
   rCorr:     It protects you from acid and corrosion.
   Will:      It decreases your willpower.
 A - a +5 plate armour (worn)
 E - a +0 kite shield (worn)
Jewellery
 g - an amulet of reflection (around neck)
 n - a +5 ring of evasion (left hand)
 p - a ring of see invisible (right hand)
 y - the ring "Kaveaw" {Wiz rF++}
   (You found it on level 5 of the Lair of Beasts)

   [ring of wizardry]

   It improves your spell success rate.
   rF:        It greatly protects you from fire.
 B - a ring of protection from fire
 F - a ring of ice
 G - a ring of resist corrosion
 Y - a +6 ring of strength
Wands
 x - a wand of digging (17)
Scrolls
 o - a scroll of brand weapon
 r - 11 scrolls of identify
 s - 12 scrolls of teleportation
Potions
 b - 11 potions of curing
 d - 10 potions of might
 e - 9 potions of mutation
 f - 5 potions of attraction
 i - 12 potions of heal wounds
 j - 5 potions of haste
 l - 4 potions of magic
 m - a potion of resistance
 z - 4 potions of lignification

Dungeon Overview and Level Annotations

Branches:
Dungeon (15/15)            Temple (0/1) D:6            Lair (5/5) D:10
 Shoals (4/4) Lair:3       Spider (3/4) Lair:2        Slime (0/5) Lair:4
    Orc (2/2) D:11            Elf (0/3) Orc:2        Vaults (1/5) D:13
 Depths (0/4) D:15          Sewer (visited)         Ossuary (visited)

Altars:
Ashenzari
Dithmenos
Elyvilon
Fedhas
Makhleb
Okawaru
Qazlal
Sif Muna
Vehumet
Xom
The Shining One
Jiyva

Shops:
D:7 *   D:9 [   Orc:1 *!   Orc:2 *!:(

Portals:
Abyss: Lair:1

Annotations:
Lair:1 2 transporters, Wuochyse's ghost, journeyman DEHW
Lair:2 3 runed translucent doors, qw's ghost, journeyman GrFi


Message History

The entropy weaver is almost dead.
You hit the ironbound frostheart but do no damage. x2
You slash the entropy weaver!
The entropy weaver hits you but does no damage. x2
You block the entropy weaver's attack. x2
The ironbound frostheart calls freezing cold from the walls.
The frost grips you.
The ironbound frostheart calls freezing cold from the walls.
The frost grips you! You block the entropy weaver's attack.
The entropy weaver barely misses you.
The entropy weaver hits you but does no damage.
You block the entropy weaver's attack.
You slice the entropy weaver!!
You feel better.
You kill the entropy weaver!
Okawaru accepts your kill.
You hit the ironbound frostheart but do no damage.
You slash the ironbound frostheart! You hit the entropy weaver.
You feel better.
You block the ironbound frostheart's attack.
The ironbound frostheart calls freezing cold from the walls.
The frost grips you!
Your base Dodging skill increases to level 5!
You slash the ironbound frostheart!
The ironbound frostheart is severely wounded.
You hit the ironbound frostheart but do no damage.
You hit the entropy weaver.
The ironbound frostheart calls freezing cold from the walls.
The frost grips you. The ironbound frostheart touches you!
The ironbound frostheart freezes you!!
31439 ||| READING 13 scrolls of teleportation.
As you read the scroll of teleportation, it crumbles to dust.
You feel strangely unstable. The ice encasing you melts away.
You block the entropy weaver's attack. x3
The entropy weaver hits you but does no damage. x2
You block the entropy weaver's attack.
The entropy weaver hits you but does no damage. x3
The entropy weaver barely misses you. The entropy weaver closely misses you.
The entropy weaver hits you but does no damage.
The ironbound frostheart touches you. The ironbound frostheart freezes you!!
You die...

#......#### #####
#.........#######
#......##........
#......##.o.#+#..
#......##))7#
######'#..##
.......o
.....cp##
.....oB@7#
..../.pB.#
.((...#........
......#####....
..... ... .....
>. #### .


You could see 2 entropy weavers, an orc knight (strong), 2 ironbound frosthearts
and a yaktaur (strong).

Vanquished Creatures
  Nikola (Spider:1)
  Jorgrun (Shoals:3)
  Polyphemus (Shoals:3)
  4 krakens
  An emperor scorpion (Spider:1)
  2 ghost moths
  A deep elf sorcerer (Vaults:1)
  4 vault wardens (Vaults:1)
  An ironbound preserver (Vaults:1)
  3 broodmothers (Spider:3)
  An orc warlord (Orc:2)
  2 stone giants
  An elemental wellspring (Shoals:2)
  A spark wasp (Spider:3)
  A dire elephant (Vaults:1)
  2 ettins (Vaults:1)
  4 merfolk javelineers
  4 yaktaur captains (Vaults:1)
  13 merfolk impalers
  A great orb of eyes (Vaults:1)
  Fannar (D:12)
  5 hydras
  A peacekeeper (Vaults:1)
  A jorogumo (Spider:1)
  3 entropy weavers
  3 catoblepae
  4 ogre magi
  A merfolk avatar (Shoals:2)
  7 centaur warriors
  2 ironbound frosthearts (Vaults:1)
  2 radroaches
  2 merfolk aquamancers
  2 boulder beetles (Spider:2)
  An alligator (Lair:5)
  2 satyrs (Shoals:4)
  6 tengu warriors
  14 two-headed ogres
  2 alligator snapping turtles (Shoals:4)
  5 death yaks
  Sonja (D:13)
  Urug (D:13)
  A sun moth (Spider:1)
  8 skysharks
  5 skeletal warriors (D:11)
  3 pharaoh ants (Spider:1)
  15 sea snakes
  A kraken simulacrum (Shoals:4)
  5 orb spiders
  4 deep trolls (Vaults:1)
  A necromancer (Lair:5)
  4 ironbound convokers (Vaults:1)
  5 wizards
  5 lindwurms
  3 steelbarb worms (Spider:1)
  A harpy (shapeshifter) (D:14)
  A deep elf pyromancer (D:15)
  5 orc knights
  20 harpies
  9 cyclopes
  An orc sorcerer (Orc:1)
  11 wolf spiders
  14 fauns
  19 manticores
  11 ugly things
  3 moths of wrath
  2 elephants (Lair:5)
  7 black mambas
  9 water nymphs
  11 merfolk sirens
  2 vault sentinels (Vaults:1)
  3 demonic crawlers
  16 cane toads
  6 torpor snails
  4 gargoyles
  A yaktaur (shapeshifter) (D:14)
  Maggie (D:8)
  2 kobold demonologists (D:11)
  2 freezing wraiths
  4 komodo dragons
  2 efreet (D:14)
  6 rime drakes
  A tengu conjurer (D:14)
  8 yaktaurs (Vaults:1)
  12 polar bears
  3 trolls
  36 merfolk
  A hornet (D:8)
  Prince Ribbit (D:6)
  3 meliai (Spider:3)
  9 wind drakes
  20 tarantellas
  3 raiju (Lair:5)
  9 snapping turtles
  28 blink frogs
  19 dream sheep
  Sigmund (D:4)
  14 culicivoras
  6 wyverns
  15 slime creatures
  18 jumping spiders
  2 vampires
  2 wraiths
  11 water elementals
  2 shadows
  Eustachio (D:6)
  3 basilisks
  6 steam dragons
  21 redbacks
  44 yaks
  9 wargs
  14 hell hounds (Lair:5)
  13 water moccasins
  4 acid dragons
  14 orc warriors
  14 black bears
  23 ogres (Orc:2)
  20 wolves
  7 centaurs
  20 kobold brigands
  5 bullfrogs
  A gnoll sergeant (D:9)
  2 scorpions
  7 wights
  12 killer bees
  2 electric eels (Spider:1)
  6 howler monkeys
  A crimson imp (D:12)
  6 hounds
  2 jellies (Lair:4)
  10 orc priests
  A sleepcap (D:4)
  3 iguanas
  21 orc wizards
  Terence (D:2)
  4 polar bear simulacra (Lair:5)
  4 wolf simulacra (Lair:5)
  2 yak simulacra (Lair:5)
  8 mummies (Ossuary)
  Robin (D:4)
  3 gnolls (D:9)
  10 adders
  2 ufetubi
  5 worms
  2 dart slugs
  58 orcs
  12 bats
  6 endoplasms
  15 goblins
  9 hobgoblins
  5 quokkas
  7 ball pythons
  2 frilled lizards
  3 gnoll zombies (Ossuary)
  3 hobgoblin zombies (Ossuary)
  23 kobolds
  A kobold zombie (Ossuary)
  An orc zombie (Ossuary)
  23 rats
  A river rat simulacrum (Lair:5)
  10 tentacles
1085 creatures vanquished.

Vanquished Creatures (others)
  An elemental wellspring (Shoals:2)
  A spark wasp (Spider:1)
  A deep elf high priest (Vaults:1)
  An ogre mage (Orc:2)
  A merfolk avatar (Shoals:4)
  A wizard (D:15)
  A wolf spider (Spider:1)
  A manticore (Shoals:4)
  A torpor snail (Spider:1)
  A culicivora (Spider:3)
  22 tentacles
32 creatures vanquished.

Grand Total: 1117 creatures vanquished

Notes
Turn   | Place    | Note
-------+----------+-------------------------------------------
     0 | D:1      | qw the Gargoyle Fighter began the quest for the Orb.
     0 | D:1      | Reached XP level 1. HP: 14/14 MP: 1/1
     0 | D:1      | 0 ||| qw: Version: 0.2-a-107-g4668610
     0 | D:1      | 0 ||| qw: Game counter: 1191
     0 | D:1      | 0 ||| qw: Always use a shield: true
     0 | D:1      | 0 ||| qw: God list: Okawaru
     0 | D:1      | 0 ||| qw: Allow faded altars: false
     0 | D:1      | 0 ||| qw: Do Orc after D:15 true
     0 | D:1      | 0 ||| qw: Do second Lair branch before Depths: true
     0 | D:1      | 0 ||| qw: Lair rune preference: random
     0 | D:1      | 0 ||| qw: Plans: Normal, Zot:1-4, Slime:5, God:TSO, Crypt,
                  | Tomb, Abyss, Pan, Hells, Win
     0 | D:1      | 0 ||| PLANNING D:1-11
   162 | D:1      | 162 ||| FLEEEEING.
   163 | D:1      | 163 ||| FLEEEEING.
   404 | D:1      | Reached XP level 2. HP: 19/19 MP: 2/2
   715 | D:1      | Reached skill level 3 in Axes
   784 | D:1      | 784 ||| UPGRADING to +2 hat.
   789 | D:1      | 789 ||| READING scroll labelled GIAFAD PEAVUE.
   789 | D:1      | Identified a scroll of acquirement
   789 | D:1      | 789 ||| ACQUIRING +1 pair of boots of the Eleven Tales
                  | {rF+}
   789 | D:1      | Acquired the +1 pair of boots of the Eleven Tales {rF+}
   791 | D:1      | 791 ||| UPGRADING to +1 pair of boots of the Eleven Tales
                  | {rF+}.
   796 | D:1      | 796 ||| READING scroll labelled ZEDIRE VEUL.
   797 | D:1      | 797 ||| READING scroll labelled ROEM GECWONE.
   798 | D:1      | 798 ||| READING scroll labelled IZEXKY SOJE XEISUL.
   823 | D:2      | Reached XP level 3. HP: 23/23 MP: 3/3
  1256 | D:2      | Found a faded altar of an unknown god.
  1338 | D:2      | Reached XP level 4. HP: 28/28 MP: 4/4
  1438 | D:2      | Noticed Terence
  1458 | D:2      | Killed Terence
  1724 | D:2      | Reached XP level 5. HP: 32/32 MP: 5/5
  2021 | D:2      | 2021 ||| UPGRADING to amulet of reflection.
  2026 | D:2      | 2026 ||| READING scroll labelled DEPTEP QASAFUH.
  2027 | D:2      | 2027 ||| READING scroll labelled YKOMOUTW RACUCY.
  2028 | D:2      | 2028 ||| READING scroll labelled VEKLIAXKEA.
  2029 | D:2      | 2029 ||| READING scroll labelled LIPAC SIUTHU.
  2030 | D:2      | 2030 ||| DRINKING 3 smoky red potions.
  2031 | D:2      | 2031 ||| DRINKING 3 amethyst potions.
  2155 | D:3      | 2155 ||| Stepping ~*~*~tactically~*~*~ (stealth).
  2156 | D:3      | 2156 ||| Stepping ~*~*~tactically~*~*~ (stealth).
  2174 | D:3      | 2174 ||| Stepping ~*~*~tactically~*~*~ (stealth).
  2220 | D:3      | 2220 ||| DROPPING +0 club.
  2621 | D:3      | 2621 ||| READING scroll labelled WEYHYAKOSI.
  2622 | D:3      | 2622 ||| READING 2 scrolls labelled EKHINL FOFA.
  2623 | D:3      | 2623 ||| READING scroll of enchant weapon.
  2623 | D:3      | 2623 ||| ENCHANTING +0 vampiric war axe.
  2671 | D:4      | 2671 ||| Stepping ~*~*~tactically~*~*~ (hiding).
  2802 | D:4      | Reached skill level 4 in Fighting
  2808 | D:4      | 2808 ||| Stepping ~*~*~tactically~*~*~ (hiding).
  2826 | D:4      | Reached XP level 6. HP: 38/38 MP: 6/6
  2862 | D:4      | 2862 ||| READING scroll of enchant weapon.
  2862 | D:4      | 2862 ||| ENCHANTING +1 vampiric war axe.
  2870 | D:4      | 2870 ||| Stepping ~*~*~tactically~*~*~ (stealth).
  2871 | D:4      | Noticed Robin
  2879 | D:4      | Killed Robin
  2880 | D:4      | Reached skill level 1 in Dodging
  2900 | D:4      | Noticed Sigmund
  2942 | D:4      | Killed Sigmund
  3133 | D:4      | 3133 ||| READING 2 scrolls labelled SOGRILEMUPS.
  3136 | D:4      | 3136 ||| READING scroll labelled XUB VUJALL.
  3137 | D:4      | 3137 ||| DRINKING 2 smoky silvery potions.
  3138 | D:4      | 3138 ||| DROPPING potion of degeneration.
  3165 | D:5      | Entered Level 5 of the Dungeon
  3169 | D:5      | Reached skill level 6 in Axes
  3169 | D:5      | Reached XP level 7. HP: 43/43 MP: 7/7
  3349 | D:5      | 3349 ||| FLEEEEING.
  3350 | D:5      | 3350 ||| FLEEEEING.
  3351 | D:5      | 3351 ||| FLEEEEING.
  3352 | D:5      | 3352 ||| FLEEEEING.
  3353 | D:5      | 3353 ||| FLEEEEING.
  3354 | D:5      | 3354 ||| FLEEEEING.
  3355 | D:5      | 3355 ||| FLEEEEING.
  3358 | D:5      | 3358 ||| FLEEEEING.
  3359 | D:5      | 3359 ||| FLEEEEING.
  3360 | D:5      | 3360 ||| FLEEEEING.
  3361 | D:5      | 3361 ||| FLEEEEING.
  3362 | D:5      | 3362 ||| FLEEEEING.
  3363 | D:5      | 3363 ||| FLEEEEING.
  3364 | D:5      | 3364 ||| FLEEEEING.
  3365 | D:5      | 3365 ||| FLEEEEING.
  3366 | D:5      | 3366 ||| FLEEEEING.
  3367 | D:5      | 3367 ||| FLEEEEING.
  3368 | D:5      | 3368 ||| FLEEEEING.
  3369 | D:5      | 3369 ||| FLEEEEING.
  3370 | D:5      | 3370 ||| FLEEEEING.
  3371 | D:5      | 3371 ||| FLEEEEING.
  3372 | D:5      | 3372 ||| FLEEEEING.
  3373 | D:5      | 3373 ||| FLEEEEING.
  3374 | D:5      | 3374 ||| FLEEEEING.
  3375 | D:5      | 3375 ||| FLEEEEING.
  3376 | D:5      | 3376 ||| FLEEEEING.
  3380 | D:5      | 3380 ||| FLEEEEING.
  3381 | D:5      | 3381 ||| FLEEEEING.
  3382 | D:5      | 3382 ||| FLEEEEING.
  3383 | D:5      | 3383 ||| FLEEEEING.
  3527 | D:5      | Found an iron altar of Okawaru.
  3528 | D:5      | 3528 ||| PLANNING OKAWARU WORSHIP
  3528 | D:5      | 3528 ||| UPGRADING to +0 plate armour.
  3538 | D:5      | 3538 ||| DROPPING +0 scale mail.
  3539 | D:5      | 3539 ||| READING scroll labelled YSYEDEDONE.
  3540 | D:5      | 3540 ||| READING 2 scrolls of identify.
  3540 | D:5      | 3540 ||| IDENTIFYING glowing purple potion
  3545 | D:5      | Became a worshipper of Warmaster Okawaru
  3545 | D:5      | 3545 ||| PLANNING D:1-11
  3678 | D:5      | Reached skill level 1 in Throwing
  4172 | D:5      | 4172 ||| READING scroll labelled BOXOELU GIULE.
  4173 | D:5      | 4173 ||| READING 3 scrolls of identify.
  4173 | D:5      | 4173 ||| IDENTIFYING viscous purple potion
  4174 | D:5      | 4174 ||| READING 2 scrolls of identify.
  4174 | D:5      | 4174 ||| IDENTIFYING metallic yellow potion
  4175 | D:5      | 4175 ||| DROPPING potion of invisibility.
  4197 | D:6      | 4197 ||| PLANNING SEWER
  4214 | D:6      | Noticed Prince Ribbit
  4259 | D:6      | Found a staircase to the Ecumenical Temple.
  4278 | D:6      | HP: 6/43 [Prince Ribbit (7)]
  4279 | D:6      | 4279 ||| READING 2 scrolls of teleportation.
  4280 | D:6      | 4280 ||| DRINKING 3 potions of heal wounds.
  4281 | D:6      | Killed Prince Ribbit
  4281 | D:6      | Reached * piety under Okawaru
  4282 | D:6      | Reached XP level 8. HP: 40/48 MP: 8/8
  4386 | D:6      | 4386 ||| Stepping ~*~*~tactically~*~*~ (stealth).
  4398 | D:6      | Reached skill level 1 in Invocations
  4398 | D:6      | 4398 ||| Stepping ~*~*~tactically~*~*~ (hiding).
  4512 | D:6      | 4512 ||| INVOKING Heroism.
  4520 | D:6      | Reached skill level 5 in Fighting
  4718 | D:6      | Found a glowing drain.
  4739 | Sewer    | Entered a sewer
  4746 | Sewer    | Reached skill level 3 in Invocations
  4848 | D:6      | 4848 ||| PLANNING D:1-11
  4891 | D:6      | 4891 ||| Stepping ~*~*~tactically~*~*~ (hiding).
  4895 | D:6      | 4895 ||| INVOKING Heroism.
  5163 | D:6      | Found a blossoming altar of Fedhas.
  5173 | D:6      | Noticed Eustachio
  5174 | D:6      | 5174 ||| INVOKING Heroism.
  5189 | D:6      | Killed Eustachio
  5203 | D:6      | 5203 ||| READING scroll of enchant armour.
  5203 | D:6      | 5203 ||| ENCHANTING +0 plate armour.
  5285 | D:6      | 5285 ||| INVOKING Heroism.
  5288 | D:6      | Reached skill level 6 in Fighting
  5288 | D:6      | Reached XP level 9. HP: 55/55 MP: 9/12
  5328 | D:6      | 5328 ||| Stepping ~*~*~tactically~*~*~ (stealth).
  5340 | D:6      | Reached ** piety under Okawaru
  5456 | D:6      | 5456 ||| Stepping ~*~*~tactically~*~*~ (hiding).
  5458 | D:6      | 5458 ||| Stepping ~*~*~tactically~*~*~ (hiding).
  5460 | D:6      | 5460 ||| Stepping ~*~*~tactically~*~*~ (hiding).
  5461 | D:6      | 5461 ||| INVOKING Heroism.
  5466 | D:6      | 5466 ||| Stepping ~*~*~tactically~*~*~ (hiding).
  5477 | D:6      | 5477 ||| Stepping ~*~*~tactically~*~*~ (hiding).
  5517 | D:6      | 5517 ||| DRINKING 2 blue potions.
  5541 | D:7      | 5541 ||| Stepping ~*~*~tactically~*~*~ (hiding).
  5551 | D:7      | 5551 ||| INVOKING Heroism.
  5561 | D:7      | Found a burning altar of Makhleb.
  5645 | D:7      | Found a shimmering altar of Xom.
  5655 | D:7      | 5655 ||| INVOKING Heroism.
  5697 | D:7      | Identified the +4 ring mail of the King of the Hill {rElec
                  | rN+ Will- rCorr}
  5706 | D:7      | Found Zolankunk's Neck Hole.
  5733 | D:7      | Reached skill level 9 in Axes
  5843 | D:7      | 5843 ||| Stepping ~*~*~tactically~*~*~ (stealth).
  5937 | D:7      | 5937 ||| Stepping ~*~*~tactically~*~*~ (stealth).
  6113 | D:7      | 6113 ||| UPGRADING to +0 cloak.
  6118 | D:7      | 6118 ||| READING 2 scrolls of identify.
  6118 | D:7      | 6118 ||| IDENTIFYING dark potion
  6151 | D:8      | 6151 ||| PLANNING OSSUARY
  6274 | D:8      | 6274 ||| Stepping ~*~*~tactically~*~*~ (stealth).
  6275 | D:8      | 6275 ||| Stepping ~*~*~tactically~*~*~ (stealth).
  6276 | D:8      | 6276 ||| Stepping ~*~*~tactically~*~*~ (stealth).
  6279 | D:8      | 6279 ||| Stepping ~*~*~tactically~*~*~ (stealth).
  6280 | D:8      | 6280 ||| Stepping ~*~*~tactically~*~*~ (stealth).
  6295 | D:8      | Reached skill level 6 in Armour
  6334 | D:8      | Found a sand-covered staircase.
  6335 | D:8      | 6335 ||| READING 2 scrolls of identify.
  6335 | D:8      | 6335 ||| IDENTIFYING white potion
  6336 | D:8      | 6336 ||| DROPPING potion of berserk rage.
  6345 | Ossuary  | Entered an ossuary
  6451 | Ossuary  | Reached skill level 7 in Fighting
  6605 | Ossuary  | 6605 ||| DRINKING 2 grey potions.
  6606 | Ossuary  | 6606 ||| DROPPING potion of flight.
  6632 | D:8      | 6632 ||| PLANNING D:1-11
  6645 | D:8      | 6645 ||| Stepping ~*~*~tactically~*~*~ (stealth).
  6763 | D:8      | 6763 ||| Stepping ~*~*~tactically~*~*~ (stealth).
  6765 | D:8      | 6765 ||| Stepping ~*~*~tactically~*~*~ (hiding).
  6766 | D:8      | 6766 ||| Stepping ~*~*~tactically~*~*~ (hiding).
  6782 | D:8      | Reached *** piety under Okawaru
  6823 | D:8      | Reached XP level 10. HP: 63/63 MP: 13/13
  6847 | D:8      | 6847 ||| INVOKING Heroism.
  6918 | D:8      | Noticed Maggie
  6919 | D:8      | 6919 ||| Stepping ~*~*~tactically~*~*~ (hiding).
  6920 | D:8      | 6920 ||| Stepping ~*~*~tactically~*~*~ (hiding).
  6936 | D:8      | Killed Maggie
  6940 | D:8      | 6940 ||| DROPPING +0 flail.
  7008 | D:8      | 7008 ||| INVOKING Heroism.
  7055 | D:8      | Reached skill level 8 in Fighting
  7143 | D:8      | Found a shimmering blue altar of Sif Muna.
  7365 | D:8      | 7365 ||| DRINKING 2 brown potions.
  7467 | D:9      | 7467 ||| Stepping ~*~*~tactically~*~*~ (hiding).
  7592 | D:9      | 7592 ||| Stepping ~*~*~tactically~*~*~ (hiding).
  7807 | D:9      | 7807 ||| Stepping ~*~*~tactically~*~*~ (stealth).
  7836 | D:9      | 7836 ||| INVOKING Heroism.
  8028 | D:9      | 8028 ||| Stepping ~*~*~tactically~*~*~ (stealth).
  8100 | D:9      | Identified the +1 leather armour "Zewn" {rF+ rN+ Int+3}
  8187 | D:9      | Found a broken altar of Ashenzari.
  8188 | D:9      | Found a radiant altar of Vehumet.
  8370 | D:9      | Found a glowing golden altar of the Shining One.
  8373 | D:9      | Found a white marble altar of Elyvilon.
  8462 | D:9      | Found Tuisonim's Armour Shoppe.
  8466 | D:9      | 8466 ||| BUYING +0 chain mail of cold resistance (172
                  | gold).
  8466 | D:9      | Bought a +0 chain mail of cold resistance for 172 gold
                  | pieces
  8482 | D:9      | 8482 ||| UPGRADING to +2 buckler.
  8492 | D:9      | 8492 ||| DROPPING +0 buckler.
  8493 | D:9      | 8493 ||| UPGRADING to +6 ring of strength.
  8523 | D:10     | Entered Level 10 of the Dungeon
  8578 | D:10     | 8578 ||| Stepping ~*~*~tactically~*~*~ (hiding).
  8585 | D:10     | 8585 ||| INVOKING Heroism.
  8623 | D:10     | 8623 ||| Stepping ~*~*~tactically~*~*~ (stealth).
  8663 | D:10     | Reached **** piety under Okawaru
  8676 | D:10     | 8676 ||| DROPPING +2 hand axe of draining.
  8693 | D:10     | 8693 ||| Stepping ~*~*~tactically~*~*~ (stealth).
  8695 | D:10     | 8695 ||| Stepping ~*~*~tactically~*~*~ (stealth).
  8941 | D:10     | Reached XP level 11. HP: 68/68 MP: 15/15
  8997 | D:10     | 8997 ||| Stepping ~*~*~tactically~*~*~ (hiding).
  8998 | D:10     | 8998 ||| Stepping ~*~*~tactically~*~*~ (hiding).
  9007 | D:10     | 9007 ||| INVOKING Heroism.
  9120 | D:10     | 9120 ||| INVOKING Heroism.
  9123 | D:10     | Reached skill level 6 in Invocations
  9191 | D:10     | 9191 ||| Stepping ~*~*~tactically~*~*~ (hiding).
  9192 | D:10     | 9192 ||| Stepping ~*~*~tactically~*~*~ (stealth).
  9193 | D:10     | 9193 ||| INVOKING Heroism.
  9217 | D:10     | 9217 ||| DRINKING 2 potions of curing.
  9217 | D:10     | 9217 ||| (to cure confusion)
  9221 | D:10     | Reached skill level 9 in Fighting
  9242 | D:10     | Found a staircase to the Lair.
  9243 | D:10     | 9243 ||| INVOKING Heroism.
  9344 | D:10     | 9344 ||| INVOKING Heroism.
  9395 | D:10     | 9395 ||| Stepping ~*~*~tactically~*~*~ (stealth).
  9517 | D:9      | 9517 ||| PLANNING LAIR
  9517 | D:9      | 9517 ||| UPGRADING to +2 pair of gloves.
  9549 | Lair:1   | Entered Level 1 of the Lair of Beasts
  9618 | Lair:1   | 9618 ||| INVOKING Heroism.
  9629 | Lair:1   | 9629 ||| Stepping ~*~*~tactically~*~*~ (stealth).
  9669 | Lair:1   | Found a one-way gate to the infinite horrors of the Abyss.
  9669 | Lair:1   | Noticed Wuochyse's ghost (journeyman DEHW)
  9669 | Lair:1   | Noticed a purple ugly thing
  9670 | Lair:1   | 9670 ||| INVOKING Heroism.
  9676 | Lair:1   | Noticed a great orb of eyes
  9722 | Lair:1   | Found a transporter.
  9836 | Lair:1   | Found a transporter.
  9837 | Lair:1   | Noticed a spriggan rider
  9870 | Lair:1   | 9870 ||| INVOKING Heroism.
 10042 | Lair:1   | 10042 ||| Stepping ~*~*~tactically~*~*~ (stealth).
 10043 | Lair:1   | 10043 ||| Stepping ~*~*~tactically~*~*~ (stealth).
 10091 | Lair:1   | 10091 ||| Stepping ~*~*~tactically~*~*~ (stealth).
 10194 | Lair:1   | 10194 ||| INVOKING Heroism.
 10327 | Lair:1   | 10327 ||| INVOKING Heroism.
 10381 | Lair:1   | 10381 ||| READING scroll labelled WUIVAS ESETAAS.
 10382 | Lair:1   | 10382 ||| READING 2 scrolls of identify.
 10382 | Lair:1   | 10382 ||| IDENTIFYING metallic grey potion
 10383 | Lair:1   | 10383 ||| DROPPING potion of ambrosia.
 10428 | Lair:2   | 10428 ||| Stepping ~*~*~tactically~*~*~ (stealth).
 10429 | Lair:2   | 10429 ||| Stepping ~*~*~tactically~*~*~ (stealth).
 10431 | Lair:2   | 10431 ||| INVOKING Heroism.
 10467 | Lair:2   | 10467 ||| INVOKING Heroism.
 10578 | Lair:2   | 10578 ||| INVOKING Heroism.
 10627 | Lair:2   | Found a runed translucent gate.
 10627 | Lair:2   | Found a runed translucent gate.
 10627 | Lair:2   | Found a runed translucent gate.
 10631 | Lair:2   | Noticed qw's ghost (journeyman GrFi)
 10631 | Lair:2   | Noticed qw's ghost (journeyman GrFi)
 10812 | Lair:2   | Reached skill level 12 in Axes
 10934 | Lair:2   | 10934 ||| Stepping ~*~*~tactically~*~*~ (stealth).
 10935 | Lair:2   | 10935 ||| Stepping ~*~*~tactically~*~*~ (stealth).
 10936 | Lair:2   | 10936 ||| Stepping ~*~*~tactically~*~*~ (stealth).
 10937 | Lair:2   | 10937 ||| INVOKING Heroism.
 11090 | Lair:2   | 11090 ||| INVOKING Heroism.
 11096 | Lair:2   | Reached XP level 12. HP: 76/76 MP: 15/18
 11116 | Lair:2   | Found a hole to the Spider Nest.
 11151 | Lair:2   | Noticed a skyshark
 11162 | Lair:2   | Killed a skyshark
 11163 | Lair:2   | Reached skill level 6 in Shields
 11163 | Lair:2   | Reached skill level 9 in Invocations
 11380 | Lair:2   | 11380 ||| READING scroll labelled GAMILE KATHRYG.
 11429 | Lair:2   | 11429 ||| DRINKING 2 fizzy cyan potions.
 11430 | Lair:2   | 11430 ||| READING 2 scrolls of identify.
 11430 | Lair:2   | 11430 ||| IDENTIFYING yellow potion
 11431 | Lair:2   | 11431 ||| DROPPING potion of brilliance.
 11450 | Lair:3   | 11450 ||| INVOKING Heroism.
 11453 | Lair:3   | Noticed a skyshark
 11478 | Lair:3   | 11478 ||| STAIRDANCE
 11480 | Lair:2   | Killed a skyshark
 11638 | Lair:3   | 11638 ||| INVOKING Heroism.
 11656 | Lair:3   | 11656 ||| READING scroll of enchant weapon.
 11656 | Lair:3   | 11656 ||| ENCHANTING +2 vampiric war axe.
 11709 | Lair:3   | 11709 ||| INVOKING Heroism.
 11717 | Lair:3   | Reached skill level 9 in Armour
 11742 | Lair:3   | 11742 ||| READING scroll of enchant armour.
 11742 | Lair:3   | 11742 ||| ENCHANTING +0 cloak.
 11752 | Lair:3   | 11752 ||| INVOKING Heroism.
 11806 | Lair:3   | Noticed a four-headed hydra
 11807 | Lair:3   | 11807 ||| INVOKING Heroism.
 11812 | Lair:3   | 11812 ||| SWAPPING to +4 morningstar of protection.
 11817 | Lair:3   | Killed a four-headed hydra
 11818 | Lair:3   | 11818 ||| SWAPPING to +3 vampiric war axe.
 11827 | Lair:3   | Reached skill level 10 in Fighting
 11892 | Lair:3   | Found a staircase to the Shoals.
 11948 | Lair:3   | Reached ***** piety under Okawaru
 12444 | Lair:3   | 12444 ||| READING 2 scrolls labelled BUOTTA COENEONIOCK.
 12445 | Lair:3   | 12445 ||| DROPPING scroll of silence.
 12446 | Lair:3   | 12446 ||| DROPPING scroll of noise.
 12500 | Lair:4   | 12500 ||| Stepping ~*~*~tactically~*~*~ (stealth).
 12563 | Lair:4   | 12563 ||| INVOKING Heroism.
 12721 | Lair:4   | 12721 ||| INVOKING Heroism.
 12767 | Lair:4   | 12767 ||| Stepping ~*~*~tactically~*~*~ (stealth).
 12795 | Lair:4   | 12795 ||| Stepping ~*~*~tactically~*~*~ (hiding).
 12795 | Lair:4   | Found a staircase to the Slime Pits.
 12795 | Lair:4   | Found a viscous altar of Jiyva.
 12911 | Lair:4   | Reached XP level 13. HP: 82/82 MP: 20/20
 12960 | Lair:4   | 12960 ||| INVOKING Heroism.
 12965 | Lair:4   | Found a dark tunnel.
 13068 | Lair:4   | 13068 ||| READING scroll of enchant weapon.
 13068 | Lair:4   | 13068 ||| ENCHANTING +3 vampiric war axe.
 13111 | Lair:4   | 13111 ||| INVOKING Heroism.
 13114 | Lair:4   | 13114 ||| Stepping ~*~*~tactically~*~*~ (stealth).
 13173 | Lair:4   | 13173 ||| INVOKING Heroism.
 13560 | Lair:5   | Entered Level 5 of the Lair of Beasts
 13561 | Lair:5   | 13561 ||| PLANNING GAUNTLET
 13561 | Lair:5   | 13561 ||| INVOKING Heroism.
 13579 | Lair:5   | 13579 ||| Stepping ~*~*~tactically~*~*~ (stealth).
 13593 | Lair:5   | 13593 ||| INVOKING Heroism.
 13650 | Lair:5   | 13650 ||| Stepping ~*~*~tactically~*~*~ (stealth).
 13651 | Lair:5   | 13651 ||| INVOKING Heroism.
 13652 | Lair:5   | 13652 ||| Stepping ~*~*~tactically~*~*~ (stealth).
 13653 | Lair:5   | 13653 ||| INVOKING Finesse.
 13655 | Lair:5   | 13655 ||| SWAPPING to +4 morningstar of protection.
 13662 | Lair:5   | 13662 ||| SWAPPING to +4 vampiric war axe.
 13710 | Lair:5   | 13710 ||| INVOKING Finesse.
 13711 | Lair:5   | 13711 ||| INVOKING Finesse.
 13714 | Lair:5   | 13714 ||| INVOKING Heroism.
 13748 | Lair:5   | 13748 ||| Stepping ~*~*~tactically~*~*~ (stealth).
 13773 | Lair:5   | 13773 ||| Stepping ~*~*~tactically~*~*~ (hiding).
 13776 | Lair:5   | 13776 ||| INVOKING Heroism.
 13779 | Lair:5   | 13779 ||| INVOKING Finesse.
 13844 | Lair:5   | 13844 ||| INVOKING Heroism.
 13845 | Lair:5   | 13845 ||| Stepping ~*~*~tactically~*~*~ (stealth).
 13846 | Lair:5   | 13846 ||| INVOKING Finesse.
 13861 | Lair:5   | Reached skill level 11 in Fighting
 13904 | Lair:5   | 13904 ||| READING scroll of enchant armour.
 13904 | Lair:5   | 13904 ||| ENCHANTING +1 cloak.
 13905 | Lair:5   | Identified the ring "Kaveaw" {Wiz rF++}
 13961 | Lair:5   | Found a stormy altar of Qazlal.
 13973 | Lair:5   | 13973 ||| INVOKING Heroism.
 13975 | Lair:5   | Received a gift from Okawaru
 14079 | Lair:5   | 14079 ||| RIP GAUNTLET
 14099 | Lair:5   | 14099 ||| PLANNING LAIR
 14197 | Lair:5   | 14197 ||| Stepping ~*~*~tactically~*~*~ (stealth).
 14220 | Lair:5   | 14220 ||| Stepping ~*~*~tactically~*~*~ (stealth).
 14227 | Lair:5   | 14227 ||| Stepping ~*~*~tactically~*~*~ (stealth).
 14246 | Lair:5   | 14246 ||| Stepping ~*~*~tactically~*~*~ (hiding).
 14281 | Lair:5   | 14281 ||| INVOKING Heroism.
 14304 | Lair:5   | Reached skill level 15 in Axes
 14321 | Lair:5   | 14321 ||| INVOKING Heroism.
 14340 | Lair:5   | Gained mutation: Your large and strong wings let you fly.
                  | [Gargoyle growth]
 14340 | Lair:5   | Reached XP level 14. HP: 79/90 MP: 21/21
 14388 | Lair:5   | 14388 ||| READING scroll of enchant weapon.
 14388 | Lair:5   | 14388 ||| ENCHANTING +4 vampiric war axe.
 14397 | Lair:5   | 14397 ||| Stepping ~*~*~tactically~*~*~ (hiding).
 14453 | Lair:5   | 14453 ||| Stepping ~*~*~tactically~*~*~ (stealth).
 14484 | Lair:5   | 14484 ||| Stepping ~*~*~tactically~*~*~ (stealth).
 14531 | Lair:5   | 14531 ||| Stepping ~*~*~tactically~*~*~ (stealth).
 14560 | Lair:5   | 14560 ||| Stepping ~*~*~tactically~*~*~ (stealth).
 14562 | Lair:5   | 14562 ||| Stepping ~*~*~tactically~*~*~ (hiding).
 14743 | Lair:5   | 14743 ||| INVOKING Heroism.
 14744 | Lair:5   | 14744 ||| INVOKING Finesse.
 14748 | Lair:5   | 14748 ||| SWAPPING to +4 morningstar of protection.
 14754 | Lair:5   | Reached skill level 12 in Fighting
 14754 | Lair:5   | 14754 ||| SWAPPING to +5 vampiric war axe.
 14841 | Lair:5   | 14841 ||| Stepping ~*~*~tactically~*~*~ (stealth).
 14849 | Lair:5   | 14849 ||| Stepping ~*~*~tactically~*~*~ (stealth).
 14852 | Lair:5   | Reached skill level 3 in Throwing
 14934 | Lair:5   | 14934 ||| INVOKING Heroism.
 15020 | Lair:5   | 15020 ||| READING scroll of acquirement.
 15020 | Lair:5   | 15020 ||| ACQUIRING 756 gold pieces
 15020 | Lair:5   | Acquired 756 gold pieces
 15216 | Lair:5   | 15216 ||| INVOKING Heroism.
 15217 | Lair:5   | 15217 ||| INVOKING Finesse.
 15228 | Lair:5   | 15228 ||| SWAPPING to +4 morningstar of protection.
 15230 | Lair:5   | Reached skill level 3 in Dodging
 15235 | Lair:5   | 15235 ||| SWAPPING to +5 vampiric war axe.
 15450 | Lair:5   | 15450 ||| PLANNING D:1-11
 15450 | Lair:5   | 15450 ||| UPGRADING to ring "Kaveaw" {Wiz rF++}.
 15575 | D:11     | 15575 ||| STAIRDANCE
 15635 | D:11     | 15635 ||| Stepping ~*~*~tactically~*~*~ (stealth).
 15751 | D:11     | 15751 ||| INVOKING Heroism.
 15766 | D:11     | 15766 ||| Stepping ~*~*~tactically~*~*~ (hiding).
 15870 | D:11     | 15870 ||| INVOKING Heroism.
 16017 | D:11     | Found a staircase to the Orcish Mines.
 16037 | D:11     | 16037 ||| Stepping ~*~*~tactically~*~*~ (stealth).
 16038 | D:11     | 16038 ||| Stepping ~*~*~tactically~*~*~ (stealth).
 16039 | D:11     | 16039 ||| Stepping ~*~*~tactically~*~*~ (stealth).
 16040 | D:11     | 16040 ||| Stepping ~*~*~tactically~*~*~ (stealth).
 16058 | D:11     | 16058 ||| INVOKING Heroism.
 16079 | D:11     | 16079 ||| INVOKING Heroism.
 16082 | D:11     | Received a gift from Okawaru
 16093 | D:11     | Reached skill level 6 in Throwing
 16568 | D:11     | 16568 ||| PLANNING D
 16658 | D:12     | Received a gift from Okawaru
 16680 | D:12     | 16680 ||| READING scroll of enchant armour.
 16680 | D:12     | 16680 ||| ENCHANTING +1 plate armour.
 16848 | D:12     | Noticed Fannar
 16873 | D:12     | Killed Fannar
 16873 | D:12     | Reached ****** piety under Okawaru
 17340 | D:12     | 17340 ||| Stepping ~*~*~tactically~*~*~ (hiding).
 17355 | D:12     | Identified the +6 battleaxe of Superiority {antimagic,
                  | rElec Dex+5} (Okawaru gifted it to you on level 12 of the
                  | Dungeon)
 17355 | D:12     | Received a gift from Okawaru
 17366 | D:12     | 17366 ||| INVOKING Heroism.
 17370 | D:12     | Reached XP level 15. HP: 91/96 MP: 19/22
 17539 | D:12     | 17539 ||| DROPPING amulet of guardian spirit.
 17650 | D:13     | 17650 ||| INVOKING Heroism.
 17659 | D:13     | 17659 ||| Stepping ~*~*~tactically~*~*~ (stealth).
 17703 | D:13     | 17703 ||| READING scroll of enchant weapon.
 17703 | D:13     | 17703 ||| ENCHANTING +5 vampiric war axe.
 17770 | D:13     | 17770 ||| Stepping ~*~*~tactically~*~*~ (stealth).
 17772 | D:13     | 17772 ||| Stepping ~*~*~tactically~*~*~ (hiding).
 17914 | D:13     | Noticed Urug
 17915 | D:13     | 17915 ||| Stepping ~*~*~tactically~*~*~ (hiding).
 17919 | D:13     | 17919 ||| INVOKING Heroism.
 17920 | D:13     | 17920 ||| INVOKING Finesse.
 17921 | D:13     | 17921 ||| INVOKING Finesse.
 17926 | D:13     | Killed Urug
 18046 | D:13     | 18046 ||| Stepping ~*~*~tactically~*~*~ (hiding).
 18047 | D:13     | 18047 ||| Stepping ~*~*~tactically~*~*~ (hiding).
 18080 | D:13     | 18080 ||| Stepping ~*~*~tactically~*~*~ (hiding).
 18081 | D:13     | 18081 ||| Stepping ~*~*~tactically~*~*~ (hiding).
 18082 | D:13     | 18082 ||| Stepping ~*~*~tactically~*~*~ (hiding).
 18083 | D:13     | 18083 ||| Stepping ~*~*~tactically~*~*~ (hiding).
 18110 | D:13     | Noticed Sonja
 18112 | D:13     | 18112 ||| INVOKING Finesse.
 18116 | D:13     | Killed Sonja
 18301 | D:13     | 18301 ||| Stepping ~*~*~tactically~*~*~ (stealth).
 18303 | D:13     | 18303 ||| Stepping ~*~*~tactically~*~*~ (hiding).
 18305 | D:13     | 18305 ||| Stepping ~*~*~tactically~*~*~ (stealth).
 18313 | D:13     | 18313 ||| FLEEEEING.
 18388 | D:13     | Found a gate to the Vaults.
 18502 | D:13     | 18502 ||| DROPPING +0 chain mail of cold resistance.
 18548 | D:14     | Found an iron altar of Okawaru.
 18565 | D:14     | 18565 ||| Stepping ~*~*~tactically~*~*~ (stealth).
 18575 | D:14     | Reached skill level 12 in Armour
 18580 | D:14     | 18580 ||| INVOKING Heroism.
 18771 | D:14     | Identified the +1 rapier "Bomuduil" {pain, rPois Int+2}
 19097 | D:14     | Reached skill level 13 in Fighting
 19173 | D:14     | 19173 ||| DROPPING +0 hand axe of freezing.
 19386 | D:14     | 19386 ||| UPGRADING to +1 buckler of cold resistance.
 19396 | D:14     | 19396 ||| DROPPING +2 buckler.
 19397 | D:14     | 19397 ||| UPGRADING to +0 kite shield.
 19407 | D:14     | 19407 ||| DROPPING +1 buckler of cold resistance.
 19477 | D:15     | Entered Level 15 of the Dungeon
 19482 | D:15     | 19482 ||| INVOKING Heroism.
 19483 | D:15     | 19483 ||| INVOKING Finesse.
 19484 | D:15     | 19484 ||| SWAPPING to +4 morningstar of protection.
 19495 | D:15     | 19495 ||| SWAPPING to +6 vampiric war axe.
 19499 | D:15     | 19499 ||| Stepping ~*~*~tactically~*~*~ (stealth).
 19500 | D:15     | 19500 ||| Stepping ~*~*~tactically~*~*~ (stealth).
 19613 | D:15     | 19613 ||| Stepping ~*~*~tactically~*~*~ (hiding).
 19616 | D:15     | 19616 ||| Stepping ~*~*~tactically~*~*~ (hiding).
 19626 | Abyss:2  | Cast into level 2 of the Abyss (a wizard)
 19628 | Abyss:2  | 19628 ||| UPGRADING to ring of see invisible.
 19630 | Abyss:2  | 19630 ||| UPGRADING to +6 ring of strength.
 19640 | D:15     | Escaped the Abyss
 19797 | D:15     | Received a gift from Okawaru
 19798 | D:15     | Reached skill level 9 in Shields
 19865 | D:15     | 19865 ||| INVOKING Heroism.
 20004 | D:15     | Found a shadowy altar of Dithmenos.
 20354 | D:15     | 20354 ||| Stepping ~*~*~tactically~*~*~ (hiding).
 20355 | D:15     | 20355 ||| Stepping ~*~*~tactically~*~*~ (hiding).
 20390 | D:15     | 20390 ||| Stepping ~*~*~tactically~*~*~ (hiding).
 20391 | D:15     | 20391 ||| Stepping ~*~*~tactically~*~*~ (hiding).
 20394 | D:15     | 20394 ||| INVOKING Heroism.
 20407 | D:15     | Found a staircase to the Depths.
 20416 | D:15     | 20416 ||| PLANNING ORC
 20416 | D:15     | 20416 ||| UPGRADING to +3 plate armour.
 20426 | D:15     | 20426 ||| DROPPING +2 plate armour.
 20427 | D:15     | 20427 ||| DROPPING amulet of regeneration.
 20452 | D:15     | 20452 ||| Stepping ~*~*~tactically~*~*~ (hiding).
 20613 | Orc:1    | Entered Level 1 of the Orcish Mines
 20613 | Orc:1    | Found Deggaiw's Distillery.
 20638 | Orc:1    | 20638 ||| BUYING 2 potions of curing (84 gold).
 20638 | Orc:1    | Bought 2 potions of curing for 84 gold pieces
 20638 | Orc:1    | 20638 ||| BUYING potion of curing (42 gold).
 20638 | Orc:1    | Bought a potion of curing for 42 gold pieces
 20638 | Orc:1    | 20638 ||| BUYING potion of resistance (140 gold).
 20638 | Orc:1    | Bought a potion of resistance for 140 gold pieces
 20820 | Orc:2    | Entered Level 2 of the Orcish Mines
 20856 | Orc:1    | You are sucked into a shaft and drop 1 floor!
 20862 | Orc:1    | 20862 ||| INVOKING Heroism.
 20887 | Orc:1    | Found Paxoc's Gadget Gallery.
 20901 | Orc:1    | 20901 ||| BUYING wand of digging (4) (252 gold).
 20901 | Orc:1    | Bought a wand of digging (4) for 252 gold pieces
 20920 | Orc:1    | 20920 ||| Stepping ~*~*~tactically~*~*~ (stealth).
 20922 | Orc:1    | 20922 ||| Stepping ~*~*~tactically~*~*~ (stealth).
 20924 | Orc:1    | 20924 ||| Stepping ~*~*~tactically~*~*~ (stealth).
 21042 | Orc:2    | Found a staircase to the Elven Halls.
 21138 | Orc:2    | 21138 ||| Stepping ~*~*~tactically~*~*~ (stealth).
 21144 | Orc:2    | 21144 ||| INVOKING Heroism.
 21183 | Orc:2    | Noticed an orc warlord
 21184 | Orc:2    | 21184 ||| INVOKING Finesse.
 21187 | Orc:2    | 21187 ||| INVOKING Heroism.
 21204 | Orc:2    | Killed an orc warlord
 21207 | Orc:2    | Received a gift from Okawaru
 21250 | Orc:2    | 21250 ||| DROPPING +0 war axe.
 21349 | Orc:2    | 21349 ||| INVOKING Heroism.
 21366 | Orc:2    | Reached skill level 12 in Shields
 21372 | Orc:2    | Reached XP level 16. HP: 79/104 MP: 23/23
 21375 | Orc:2    | Received a gift from Okawaru
 21403 | Orc:2    | 21403 ||| Stepping ~*~*~tactically~*~*~ (stealth).
 21417 | Orc:2    | 21417 ||| Stepping ~*~*~tactically~*~*~ (stealth).
 21483 | Orc:2    | Found Naczim's General Store.
 21484 | Orc:2    | Found Zimezxil's Distillery.
 21486 | Orc:2    | Found Sufupn's Weapon Boutique.
 21486 | Orc:2    | Found Iklemioh's Book Shoppe.
 21493 | Orc:2    | 21493 ||| BUYING 2 potions of curing (84 gold).
 21493 | Orc:2    | Bought 2 potions of curing for 84 gold pieces
 21493 | Orc:2    | 21493 ||| BUYING potion of curing (42 gold).
 21493 | Orc:2    | Bought a potion of curing for 42 gold pieces
 21493 | Orc:2    | 21493 ||| BUYING potion of curing (42 gold).
 21493 | Orc:2    | Bought a potion of curing for 42 gold pieces
 21493 | Orc:2    | 21493 ||| BUYING potion of heal wounds (70 gold).
 21493 | Orc:2    | Bought a potion of heal wounds for 70 gold pieces
 21493 | Orc:2    | 21493 ||| BUYING potion of might (56 gold).
 21493 | Orc:2    | Bought a potion of might for 56 gold pieces
 21494 | Orc:2    | 21494 ||| BUYING potion of curing (33 gold).
 21494 | Orc:2    | Bought a potion of curing for 33 gold pieces
 21494 | Orc:2    | 21494 ||| BUYING potion of heal wounds (55 gold).
 21494 | Orc:2    | Bought a potion of heal wounds for 55 gold pieces
 21494 | Orc:2    | 21494 ||| BUYING scroll of teleportation (33 gold).
 21494 | Orc:2    | Bought a scroll of teleportation for 33 gold pieces
 21632 | Orc:2    | 21632 ||| PLANNING SHOALS:1-3
 21766 | Shoals:1 | Entered Level 1 of the Shoals
 21770 | Shoals:1 | 21770 ||| INVOKING Heroism.
 21816 | Shoals:1 | Received a gift from Okawaru
 21853 | Shoals:1 | 21853 ||| Stepping ~*~*~tactically~*~*~ (stealth).
 21854 | Shoals:1 | 21854 ||| Stepping ~*~*~tactically~*~*~ (stealth).
 21856 | Shoals:1 | 21856 ||| Stepping ~*~*~tactically~*~*~ (hiding).
 21890 | Shoals:1 | 21890 ||| Stepping ~*~*~tactically~*~*~ (hiding).
 21904 | Shoals:1 | 21904 ||| Stepping ~*~*~tactically~*~*~ (hiding).
 21905 | Shoals:1 | 21905 ||| Stepping ~*~*~tactically~*~*~ (hiding).
 22028 | Shoals:1 | 22028 ||| INVOKING Heroism.
 22204 | Shoals:1 | Noticed a kraken
 22205 | Shoals:1 | 22205 ||| Stepping ~*~*~tactically~*~*~ (hiding).
 22210 | Shoals:1 | 22210 ||| Stepping ~*~*~tactically~*~*~ (hiding).
 22215 | Shoals:1 | Reached skill level 14 in Fighting
 22222 | Shoals:1 | Killed a kraken
 22664 | Shoals:2 | 22664 ||| INVOKING Heroism.
 22741 | Shoals:2 | Received a gift from Okawaru
 22823 | Shoals:2 | 22823 ||| INVOKING Heroism.
 22855 | Shoals:2 | Received a gift from Okawaru
 22883 | Shoals:2 | 22883 ||| DROPPING +0 war axe of freezing.
 22910 | Shoals:2 | 22910 ||| INVOKING Heroism.
 22948 | Shoals:2 | 22948 ||| INVOKING Finesse.
 22951 | Shoals:2 | 22951 ||| INVOKING Heroism.
 23124 | Shoals:2 | 23124 ||| INVOKING Heroism.
 23135 | Shoals:2 | HP: 21/107 [water nymph/the raging water (24)]
 23136 | Shoals:2 | 23136 ||| READING 14 scrolls of teleportation.
 23137 | Shoals:2 | 23137 ||| DRINKING 11 potions of heal wounds.
 23317 | Shoals:2 | 23317 ||| INVOKING Heroism.
 23424 | Shoals:2 | 23424 ||| INVOKING Heroism.
 23456 | Shoals:2 | Reached XP level 17. HP: 112/112 MP: 24/24
 23528 | Shoals:2 | 23528 ||| INVOKING Heroism.
 23529 | Shoals:2 | 23529 ||| INVOKING Finesse.
 23539 | Shoals:2 | Reached skill level 15 in Fighting
 23901 | Shoals:3 | Noticed Jorgrun
 23903 | Shoals:3 | 23903 ||| INVOKING Heroism.
 23937 | Shoals:3 | Killed Jorgrun
 23973 | Shoals:3 | 23973 ||| Stepping ~*~*~tactically~*~*~ (hiding).
 24001 | Shoals:3 | Received a gift from Okawaru
 24021 | Shoals:3 | Noticed Polyphemus
 24022 | Shoals:3 | 24022 ||| INVOKING Heroism.
 24023 | Shoals:3 | 24023 ||| INVOKING Finesse.
 24046 | Shoals:3 | Killed Polyphemus
 24098 | Shoals:3 | 24098 ||| INVOKING Heroism.
 24126 | Shoals:3 | 24126 ||| Stepping ~*~*~tactically~*~*~ (hiding).
 24219 | Shoals:3 | 24219 ||| Stepping ~*~*~tactically~*~*~ (stealth).
 24220 | Shoals:3 | 24220 ||| Stepping ~*~*~tactically~*~*~ (stealth).
 24246 | Shoals:3 | Received a gift from Okawaru
 24357 | Shoals:3 | Noticed a kraken
 24372 | Shoals:3 | Killed a kraken
 24449 | Shoals:3 | 24449 ||| FLEEEEING.
 24450 | Shoals:3 | 24450 ||| FLEEEEING.
 24451 | Shoals:3 | 24451 ||| FLEEEEING.
 24452 | Shoals:3 | 24452 ||| FLEEEEING.
 24453 | Shoals:3 | 24453 ||| STAIRDANCE
 24565 | Shoals:3 | 24565 ||| Stepping ~*~*~tactically~*~*~ (stealth).
 24566 | Shoals:3 | 24566 ||| Stepping ~*~*~tactically~*~*~ (stealth).
 24585 | Shoals:3 | 24585 ||| INVOKING Heroism.
 24622 | Shoals:3 | 24622 ||| READING scroll of enchant armour.
 24622 | Shoals:3 | 24622 ||| ENCHANTING +3 plate armour.
 24644 | Shoals:3 | 24644 ||| INVOKING Heroism.
 25150 | Shoals:3 | 25150 ||| PLANNING SPIDER:1-3
 25257 | Spider:1 | Entered Level 1 of the Spider Nest
 25269 | Spider:1 | 25269 ||| INVOKING Heroism.
 25269 | Spider:1 | HP: 23/113 [culicivora (13)]
 25270 | Spider:1 | 25270 ||| READING 14 scrolls of teleportation.
 25270 | Spider:1 | HP: 10/113 [pharaoh ant (8)]
 25271 | Spider:1 | 25271 ||| DRINKING 13 potions of heal wounds.
 25363 | Spider:1 | 25363 ||| Stepping ~*~*~tactically~*~*~ (stealth).
 25364 | Spider:1 | 25364 ||| Stepping ~*~*~tactically~*~*~ (stealth).
 25365 | Spider:1 | 25365 ||| INVOKING Heroism.
 25472 | Spider:1 | 25472 ||| Stepping ~*~*~tactically~*~*~ (hiding).
 25511 | Spider:1 | 25511 ||| Stepping ~*~*~tactically~*~*~ (stealth).
 25543 | Spider:1 | 25543 ||| Stepping ~*~*~tactically~*~*~ (stealth).
 25688 | Spider:1 | 25688 ||| INVOKING Heroism.
 25693 | Spider:1 | Reached skill level 15 in Shields
 25860 | Spider:1 | 25860 ||| Stepping ~*~*~tactically~*~*~ (hiding).
 25923 | Spider:1 | 25923 ||| FLEEEEING.
 25926 | Spider:1 | 25926 ||| Stepping ~*~*~tactically~*~*~ (stealth).
 25927 | Spider:1 | 25927 ||| FLEEEEING.
 25948 | Spider:1 | 25948 ||| Stepping ~*~*~tactically~*~*~ (hiding).
 25949 | Spider:1 | 25949 ||| INVOKING Heroism.
 25961 | Spider:1 | 25961 ||| DRINKING 14 potions of curing.
 25961 | Spider:1 | 25961 ||| (to cure confusion)
 25963 | Spider:1 | 25963 ||| DRINKING 13 potions of curing.
 25963 | Spider:1 | 25963 ||| (to cure confusion)
 25966 | Spider:1 | 25966 ||| DRINKING 12 potions of curing.
 25966 | Spider:1 | 25966 ||| (to cure confusion)
 25968 | Spider:1 | 25968 ||| DRINKING 11 potions of curing.
 25968 | Spider:1 | 25968 ||| (to cure confusion)
 25978 | Spider:1 | 25978 ||| INVOKING Heroism.
 26183 | Spider:1 | 26183 ||| Stepping ~*~*~tactically~*~*~ (hiding).
 26186 | Spider:1 | 26186 ||| INVOKING Heroism.
 26195 | Spider:1 | Received a gift from Okawaru
 26203 | Spider:1 | Noticed Nikola
 26215 | Spider:1 | Killed Nikola
 26427 | Spider:1 | 26427 ||| READING scroll of enchant armour.
 26427 | Spider:1 | 26427 ||| ENCHANTING +4 plate armour.
 26448 | Spider:1 | 26448 ||| INVOKING Heroism.
 26515 | Spider:1 | Reached skill level 9 in Throwing
 26524 | Spider:1 | Reached skill level 16 in Fighting
 26752 | Spider:1 | 26752 ||| DROPPING +2 chain mail of cold resistance.
 26935 | Spider:2 | 26935 ||| INVOKING Finesse.
 26947 | Spider:2 | 26947 ||| INVOKING Heroism.
 26997 | Spider:2 | 26997 ||| Stepping ~*~*~tactically~*~*~ (stealth).
 27015 | Spider:2 | Received a gift from Okawaru
 27175 | Spider:2 | 27175 ||| Stepping ~*~*~tactically~*~*~ (stealth).
 27177 | Spider:2 | 27177 ||| Stepping ~*~*~tactically~*~*~ (hiding).
 27702 | Spider:2 | 27702 ||| UPGRADING to +5 ring of evasion.
 27704 | Spider:2 | 27704 ||| DROPPING ring of willpower.
 27705 | Spider:2 | 27705 ||| UPGRADING to ring of see invisible.
 27754 | Spider:3 | Reached XP level 18. HP: 120/120 MP: 25/25
 27754 | Spider:3 | 27754 ||| DROPPING +4 morningstar of protection.
 27770 | Spider:3 | 27770 ||| Stepping ~*~*~tactically~*~*~ (hiding).
 27772 | Spider:3 | 27772 ||| INVOKING Heroism.
 27774 | Spider:3 | Reached skill level 15 in Armour
 27900 | Spider:3 | 27900 ||| INVOKING Heroism.
 27962 | Spider:3 | 27962 ||| INVOKING Heroism.
 27970 | Spider:3 | 27970 ||| Stepping ~*~*~tactically~*~*~ (stealth).
 27988 | Spider:3 | Received a gift from Okawaru
 28164 | Spider:3 | 28164 ||| INVOKING Heroism.
 28351 | Spider:3 | 28351 ||| Stepping ~*~*~tactically~*~*~ (stealth).
 28353 | Spider:3 | 28353 ||| Stepping ~*~*~tactically~*~*~ (stealth).
 28355 | Spider:3 | 28355 ||| Stepping ~*~*~tactically~*~*~ (hiding).
 28360 | Spider:3 | 28360 ||| INVOKING Heroism.
 28616 | Spider:3 | 28616 ||| INVOKING Heroism.
 28620 | Spider:3 | Received a gift from Okawaru
 28622 | Spider:3 | Reached skill level 17 in Fighting
 28699 | Spider:3 | 28699 ||| PLANNING SHOALS:4
 28823 | Shoals:4 | Entered Level 4 of the Shoals
 28857 | Shoals:4 | 28857 ||| Stepping ~*~*~tactically~*~*~ (stealth).
 28877 | Shoals:4 | 28877 ||| Stepping ~*~*~tactically~*~*~ (hiding).
 28893 | Shoals:4 | 28893 ||| INVOKING Heroism.
 28930 | Shoals:4 | Identified the +9 quarterstaff "Fulu" {heavy, Str+8}
 29017 | Shoals:4 | 29017 ||| Stepping ~*~*~tactically~*~*~ (hiding).
 29081 | Shoals:4 | 29081 ||| INVOKING Heroism.
 29154 | Shoals:4 | 29154 ||| INVOKING Heroism.
 29187 | Shoals:4 | 29187 ||| INVOKING Heroism.
 29216 | Shoals:4 | 29216 ||| INVOKING Finesse.
 29286 | Shoals:4 | Identified the +10 whip of Decaying Fortitude {drain, Fly
                  | rF- SInv}
 29287 | Shoals:4 | 29287 ||| Stepping ~*~*~tactically~*~*~ (hiding).
 29561 | Shoals:4 | Received a gift from Okawaru
 29582 | Shoals:4 | 29582 ||| Stepping ~*~*~tactically~*~*~ (hiding).
 29585 | Shoals:4 | 29585 ||| INVOKING Heroism.
 29655 | Shoals:4 | 29655 ||| INVOKING Heroism.
 29741 | Shoals:4 | 29741 ||| Stepping ~*~*~tactically~*~*~ (stealth).
 29742 | Shoals:4 | 29742 ||| Stepping ~*~*~tactically~*~*~ (hiding).
 29753 | Shoals:4 | 29753 ||| INVOKING Heroism.
 29772 | Shoals:4 | 29772 ||| Stepping ~*~*~tactically~*~*~ (hiding).
 29781 | Shoals:4 | 29781 ||| Stepping ~*~*~tactically~*~*~ (hiding).
 29793 | Shoals:4 | 29793 ||| INVOKING Heroism.
 29832 | Shoals:4 | 29832 ||| INVOKING Heroism.
 29834 | Shoals:4 | Received a gift from Okawaru
 29878 | Shoals:4 | Got a barnacled rune of Zot
 30201 | Shoals:4 | 30201 ||| PLANNING VAULTS:1-4
 30478 | Vaults:1 | Entered Level 1 of the Vaults
 30519 | Vaults:1 | 30519 ||| Stepping ~*~*~tactically~*~*~ (hiding).
 30545 | Vaults:1 | 30545 ||| DRINKING 2 potions of cancellation.
 30596 | Vaults:1 | 30596 ||| FLEEEEING.
 30616 | Vaults:1 | Reached skill level 18 in Fighting
 30742 | Vaults:1 | 30742 ||| INVOKING Heroism.
 30766 | Vaults:1 | 30766 ||| INVOKING Finesse.
 30769 | Vaults:1 | Received a gift from Okawaru
 30781 | Vaults:1 | Reached XP level 19. HP: 124/130 MP: 21/26
 30796 | Vaults:1 | 30796 ||| INVOKING Heroism.
 30839 | Vaults:1 | Received a gift from Okawaru
 31042 | Vaults:1 | 31042 ||| Stepping ~*~*~tactically~*~*~ (stealth).
 31044 | Vaults:1 | 31044 ||| Stepping ~*~*~tactically~*~*~ (hiding).
 31117 | Vaults:1 | 31117 ||| Stepping ~*~*~tactically~*~*~ (hiding).
 31118 | Vaults:1 | 31118 ||| Stepping ~*~*~tactically~*~*~ (hiding).
 31119 | Vaults:1 | 31119 ||| INVOKING Heroism.
 31120 | Vaults:1 | 31120 ||| INVOKING Finesse.
 31335 | Vaults:1 | 31335 ||| READING scroll of enchant weapon.
 31335 | Vaults:1 | 31335 ||| ENCHANTING +6 vampiric war axe.
 31400 | Vaults:1 | 31400 ||| Stepping ~*~*~tactically~*~*~ (stealth).
 31402 | Vaults:1 | 31402 ||| INVOKING Heroism.
 31432 | Vaults:1 | 31432 ||| DRINKING potion of cancellation.
 31438 | Vaults:1 | HP: 10/130 [ironbound frostheart (24)]
 31439 | Vaults:1 | 31439 ||| READING 13 scrolls of teleportation.
 31439 | Vaults:1 | Annihilated by an ironbound frostheart

Levels and vault maps discovered:
D:1:      co_arrival_random_square_maze, layout_basic, palyth_stone_intersect
D:2:      minmay_chambers_of_ones, layout_basic, ebering_ecumenical_altar_box,
          minmay_rat_hole, uniq_terence
D:3:      layout_loops_ring
D:4:      layout_rooms, minmay_vboxes, uniq_sigmund, uniq_robin
D:5:      layout_basic, kennysheep_little_box, serial_aquarium,
          aquarium_bridge_square [aquarium_subvault_window,
          aquarium_subvault_bridge, aquarium_subvault_wall,
          aquarium_subvault_balcony], aquarium_window_fake,
          aquarium_window_fake, aquarium_window_1, aquarium_view_2b,
          aquarium_view_2b, aquarium_balcony_3a, aquarium_pool_side,
          grunt_decor_fettered
D:6:      layout_loops_corners, fedhas_altar_2, minmay_temple_entry_water_ring,
          cheibrodos_sewer_entry_bend, minmay_manual_monstrance,
          uniq_prince_ribbit1, uniq_eustachio
D:7:      layout_cave_pools, bloody_makhleb, mainiacjoe_overflow_alcove_2,
          nicolae_shop_sticking_my_neck_out
D:8:      layout_gridville, amcnicky_altar_gilded,
          nicolae_ossuary_entry_monument, uniq_maggie
D:9:      layout_basic, nicolae_overflow_hidden_temple, serial_shops, shop
D:10:     layout_loops_ring, erik_lair_orcish_takeover
D:11:     layout_roguey [special_room_kobold], orc_0_dummy,
          hangedman_abyss_or_decor_lesser_grid, reono_crystal_passage
D:12:     layout_stronghold, portal_ice_cave_entry_animals_and_master,
          lightli_wizard_tower, uniq_fannar
D:13:     layout_long_grid, david_vaults_1, uniq_urug, uniq_sonja
D:14:     layout_long_grid, old_standard_altar
D:15:     grunt_enter_depths_snipers, layout_long_grid, serial_glass,
          glass_columns_c, glass_columns_a, glass_columns_c, glass_columns_a,
          glass_columns_b, glass_columns_c, item_on_display_a,
          due_unseen_surprise, minmay_strange_pillars, unseen_surprise_small,
          grunt_dithmenos_smoke
Lair:1:   layout_cave_pods, gammafunk_ghost_abyssal_escape,
          infiniplex_staircase_pool_2
Lair:2:   layout_small_grid, spider_nest_entry_rubble, gammafunk_ghost_cemetery
Lair:3:   dreamdust_cave_troll, layout_big_grid, minmay_shoals_entry_centaurs
Lair:4:   layout_long_grid, minmay_slime_entry_pillars,
          nicolae_volcano_entry_vermiform, grunt_megastairs_2,
          serial_bayou_shore_b
Lair:5:   hangedman_lair_in_review, layout_gridlike,
          hangedman_lair_caniforms_friends, gauntlet_entry_generic, basic_altar,
          eino_house_with_fridge
Shoals:1: layout_shoals
Shoals:2: layout_shoals, nicolae_shoals_spring_well_temple
Shoals:3: layout_shoals, uniq_polyphemus, uniq_jorgrun
Shoals:4: shoals_end_grunt_ice, layout_shoals, nicolae_shoals_drake_roost
Spider:1: nicolae_spider_obnoxious_hallway, hangedman_spider_tarantella_strand,
          uniq_nikola
Spider:2: layout_spider_delve
Spider:3: layout_spider_delve
Orc:1:    layout_caves, serial_shops, shop, nicolae_shop_gadgets
Orc:2:    st_orc_ogre_mass, layout_caves
Vaults:1: vaults_room_door_ring, nicolae_vaults_house_3, v_misc_15,
          v_alt_pattern_2, nicolae_vaults_oval_intersection,
          dpeg_vaults_pockets_of_resistance, nicolae_vaults_closet_pinwheel_5,
          nicolae_vaults_trapezoid_lopsided_3, ontoclasm_vaults_misaligned,
          nicolae_vaults_storage_room_statues, hangedman_vaults_stitches,
          nicolae_vaults_tetromino_L_2, nicolae_vaults_tetromino_Z_2,
          ontoclasm_vaults_fault, layout_vaults_big_cross, serial_shops,
          nicolae_shop_real_fake_doors

Skill      XL: |  1  2  3  4  5  6  7  8  9 10 11 12 13 14 15 16 17 18 19 |
---------------+----------------------------------------------------------+-----
Axes           | 2 3 4 5 6 7 8 9 11 12 13 15 16 | 16.0
Fighting       | 4 6 7 8 9 10 11 12 13 14 16 18 | 18.0
Dodging        | 1 2 3 4 5 |  5.0
Throwing       | 1 2 6 7 8 9 |  9.0
Armour         | 4 6 7 8 10 11 12 13 14 16 17 | 17.0
Invocations    | 4 5 8 10 | 10.0
Shields        | 4 5 6 7 12 14 15 16 | 16.3

Action                     |  1- 3 |  4- 6 |  7- 9 | 10-12 | 13-15 | 16-18 | 19-21 || total
---------------------------+-------+-------+-------+-------+-------+-------+-------++-------
  Melee: War axe           |   112 |   177 |   368 |   626 |  1169 |  1662 |   113 ||  4227
         Morningstar       |       |       |       |     5 |    27 |       |       ||    32
  Throw: Boomerang         |       |       |     6 |       |     5 |    36 |       ||    47
         Javelin           |       |       |       |       |    91 |   107 |     5 ||   203
 Invoke: Heroism           |       |       |     7 |    26 |    30 |    39 |     3 ||   105
         Finesse           |       |       |       |       |    10 |     6 |     1 ||    17
    Use: Scroll            |     4 |    10 |     9 |     7 |     6 |     4 |     2 ||    42
         Potion            |       |     3 |     3 |     3 |       |     7 |     1 ||    17
   Stab: Distracted        |       |       |       |     1 |       |       |       ||     1
         Petrified         |       |       |       |       |     3 |       |       ||     3
         Petrifying        |       |       |       |       |     1 |       |       ||     1
 Armour: Scale mail        |    55 |    75 |     8 |       |       |       |       ||   138
         Skin              |       |    15 |       |       |       |       |       ||    15
         Plate armour      |       |       |   203 |   334 |   539 |   970 |    59 ||  2105
  Dodge: Dodged            |    57 |    81 |   110 |   167 |   261 |   600 |    44 ||  1320
  Block: Buckler           |    20 |    65 |   173 |   363 |   454 |       |       ||  1075
         Reflection        |       |     2 |     4 |     6 |    25 |    78 |     8 ||   123
         Kite shield       |       |       |       |       |   159 |  1552 |    88 ||  1799

Table legend:
 A = Non-vault XP
 B = Vault XP
 C = Vault XP percentage of total XP
 D = Non-vault monster count
 E = Vault monster count
 F = Vault count percentage of total count
                 A         B        C        D         E       F
            +---------+---------+-------+---------+---------+-------
      Total |  225754 |  112064 |  33.2 |     725 |     358 |  33.1
            +---------+---------+-------+---------+---------+-------
        D:1 |      31 |       0 |   0.0 |      17 |       0 |   0.0
        D:2 |      76 |      83 |  52.2 |      21 |      25 |  54.3
        D:3 |      22 |       0 |   0.0 |       9 |       0 |   0.0
        D:4 |      44 |     331 |  88.3 |      10 |      21 |  67.7
        D:5 |     504 |       0 |   0.0 |      15 |       0 |   0.0
        D:6 |     804 |     647 |  44.6 |      22 |       9 |  29.0
        D:7 |    1218 |       0 |   0.0 |      17 |       0 |   0.0
        D:8 |    1789 |     389 |  17.9 |      20 |       1 |   4.8
        D:9 |    1584 |       0 |   0.0 |      18 |       0 |   0.0
       D:10 |    2465 |     618 |  20.0 |      19 |       9 |  32.1
       D:11 |    8773 |    1973 |  18.4 |      17 |      24 |  58.5
       D:12 |    3304 |    3458 |  51.1 |       8 |      11 |  57.9
       D:13 |    4747 |    3869 |  44.9 |      10 |       5 |  33.3
       D:14 |    9298 |       0 |   0.0 |      20 |       0 |   0.0
       D:15 |    9639 |    2692 |  21.8 |      22 |       3 |  12.0
     Lair:1 |    4340 |       0 |   0.0 |      16 |       0 |   0.0
     Lair:2 |    5059 |     219 |   4.1 |      15 |       1 |   6.2
     Lair:3 |    7036 |     462 |   6.2 |      26 |       4 |  13.3
     Lair:4 |    6248 |    1535 |  19.7 |      23 |       6 |  20.7
     Lair:5 |   12137 |   21761 |  64.2 |      42 |      89 |  67.9
   Shoals:1 |   17115 |       0 |   0.0 |      34 |       0 |   0.0
   Shoals:2 |   24370 |    4325 |  15.1 |      48 |       7 |  12.7
   Shoals:3 |   20040 |    5855 |  22.6 |      40 |       5 |  11.1
   Shoals:4 |   17345 |   23098 |  57.1 |      32 |      44 |  57.9
   Spider:1 |   17859 |    5163 |  22.4 |      47 |      10 |  17.5
   Spider:2 |   10687 |       0 |   0.0 |      24 |       0 |   0.0
   Spider:3 |   17346 |       0 |   0.0 |      43 |       0 |   0.0
      Orc:1 |    1192 |       0 |   0.0 |      20 |       0 |   0.0
      Orc:2 |    5674 |   13271 |  70.1 |      45 |      31 |  40.8
   Vaults:1 |   15008 |   21997 |  59.4 |      25 |      27 |  51.9
      Sewer |       0 |     167 | 100.0 |       0 |      10 | 100.0
    Ossuary |       0 |     151 | 100.0 |       0 |      16 | 100.0
            +---------+---------+-------+---------+---------+-------
